[Event "*** Titled Tuesday Blitz"]
[Site "Chess.com"]
[Date "2020.11.03"]
[Round "10"]
[White "MatyChess1"]
[Black "GMKrikor"]
[Result "1-0"]
[WhiteElo "2605"]
[BlackElo "2754"]
[TimeControl "180+1"]
[EndTime "11:59:35 PST"]
[Termination "MatyChess1 won by resignation"]

1. e4 c5 2. Nf3 d6 3. Nc3 a6 4. g3 Nc6 5. Bg2 Nf6 6. O-O Bg4 7. h3 Bxf3 8. Qxf3 e6 9. Ne2 Be7 10. c3 d5 11. d3 O-O 12. Bf4 dxe4 13. dxe4 Nd7 14.
Rad1 Qc8 15. g4 Nde5 16. Qg3 Ng6 17. Be3 Bh4 18. Qh2 Be7 19. f4 Qc7 20. e5 Rfd8 21. Qg3 Bf8 22. Qf2 b6 23. Qf3 Nge7 24. Qe4 Rac8 25.
Ng3 Nd5 26. Bc1 b5 27. Qe2 c4 28. Ne4 b4 29. Kh1 bxc3 30. bxc3 Qa5 31. Qc2 Qb6 32.
Ng5 g6 33. Bxd5 Rxd5 34. Rxd5 exd5 35. e6 Nd8 36. f5 fxe6 37. fxg6 Bg7 38. gxh7+ Kh8 39.
Qg6 Qc6 40. Rf8+ 1-0

[Event "*** Titled Tuesday Blitz"]
[Site "Chess.com"]
[Date "2020.11.03"]
[Round "10"]
[White "PotapovaM"]
[Black "WildTricks"]
[Result "0-1"]
[WhiteElo "2568"]
[BlackElo "2419"]
[TimeControl "180+1"]
[EndTime "11:59:35 PST"]
[Termination "WildTricks won on time"]

1. Nf3 b6 2. g3 Bb7 3. Bg2 c5 4. O-O Nf6 5. d3 d5 6. Nc3 g6 7.
e4 dxe4 8. Ng5 Bg7 9. Ngxe4 Nc6 10. Be3 O-O 11. a4 Qd7 12. a5 Rad8 13. Re1 Nxe4 14. Nxe4 Bxb2 15. Rb1 Bd4 16. axb6 axb6 17. Rxb6 Qc7 18.
Rb1 c4 19. Bf4 Qc8 20. c3 Bg7 21. d4 e5 22. Bg5 f6 23. Be3 exd4 24. cxd4 Nxd4 25.
Bxd4 f5 26. Rxb7 Rxd4 27. Qb1 fxe4 28. Re7 Qc5 29. Qb7 Rd7 0-1

[Event "*** Titled Tuesday Blitz"]
[Site "Chess.com"]
[Date "2020.11.03"]
[Round "10"]
[White "Skatchkov_V"]
[Black "QuintilianoR"]
[Result "1-0"]
[WhiteElo "2506"]
[BlackElo "2605"]
[TimeControl "180+1"]
[EndTime "11:59:36 PST"]
[Termination "Skatchkov_V won on time"]

1. d4 Nf6 2. c4 e6 3. Nc3 Bb4 4. e3 O-O 5. Bd2 b6 6. Nf3 Bb7 7. Bd3 d5 8. O-O dxc4 9. Bxc4 Nbd7 10. Qc2 a6 11. Rad1 Qe7 12. Bd3 Rfd8 13. e4 e5 14. Bg5 Bd6 15. Bc4 b5 16. Nd5 Qf8 17. Bxf6 Nxf6 18. Nxf6+ gxf6 19. dxe5 fxe5 20. Bd5 c6 21. Bb3 Qe7 22. Qc1 Qf6 23. Rd3 Rd7 24. Rfd1 Rad8 25.
Qe3 Qe7 26. Ng5 Bc5 27. Qg3 Kh8 28. Nxf7+ 1-0

[Event "*** Titled Tuesday Blitz"]
[Site "Chess.com"]
[Date "2020.11.03"]
[Round "10"]
[White "petrkostenko"]
[Black "Kolle05"]
[Result "1-0"]
[WhiteElo "2454"]
[BlackElo "2350"]
[TimeControl "180+1"]
[EndTime "11:59:37 PST"]
[Termination "petrkostenko won by resignation"]

1. e4 c5 2. Nf3 d6 3. Bb5+ Nd7 4.
Ba4 Nf6 5. O-O g6 6. Re1 Bg7 7.
c3 O-O 8. d4 e5 9. Bc2 a6 10. a4 b6 11. d5 Rb8 12. c4 b5 13.
axb5 axb5 14. cxb5 Rxb5 15. Na3 Rb8 16. Nc4 Nb6 17.
Na5 Bd7 18. Bd2 Qc7 19. Qc1 Rfc8 20. Bc3 c4 21. Ra3 Nbxd5 22. exd5 Nxd5 23. Bd2 Nb4 24. Bb1 d5 25. Bh6 f6 26. Qd2 Bg4 27. Bxg7 Kxg7 28. Nxe5 fxe5 29. Qg5 Qd7 30. Rxe5 Re8 31. Rae3 Rxe5 32.
Qxe5+ Kh6 33. h3 Ra8 34. hxg4 Qxg4 35. Rh3+ Qxh3 36. gxh3 Rxa5 37. Kg2 Ra1 38. Qc3 Rxb1 39. Qxb4 Rc1 40. Qd2+ 1-0

[Event "*** Titled Tuesday Blitz"]
[Site "Chess.com"]
[Date "2020.11.03"]
[Round "10"]
[White "Titus369"]
[Black "ajdemipopushi"]
[Result "1-0"]
[WhiteElo "2544"]
[BlackElo "2368"]
[TimeControl "180+1"]
[EndTime "11:59:38 PST"]
[Termination "Titus369 won on time"]

1. e4 c5 2. Nf3 g6 3. d4 cxd4 4. Qxd4 Nf6 5. e5 Nc6 6. Qf4 Nd5 7. Qe4 Nb6 8. Nc3 Bg7 9. Bf4 d5 10. exd6 Bf5 11. Qe3 O-O 12. O-O-O exd6 13. Rxd6 Qc8 14. Bb5 Re8 15. Qc5 Bf8 16. Rxc6 Bxc5 17. Rxc8 Rexc8 18. Bg3 a6 19. Be2 Bb4 20. Be5 Nc4 21. Bf6 Rc6 22.
Nd5 Bf8 23. Nd4 Rc5 24. Bxc4 Rxc4 25. Nb6 Rxd4 26. Bxd4 Rd8 27. Rd1 Bh6+ 28. Be3 Bxe3+ 29. fxe3 Re8 30. Nd5 Kg7 31. g3 Be4 32. Nc3 Bc6 33. Re1 f5 34. Kd2 h5 35. Ke2 h4 36. gxh4 Rh8 37. Rf1 Rxh4 38. Rf2 b5 39. a3 Kf6 40. Kd2 Ke5 41. Ne2 b4 42. Nf4 Kf6 43. axb4 Bb5 44. c3 g5 45. Nd3 Rh3 46. Nc5 Ke5 47. b3 1-0

[Event "*** Titled Tuesday Blitz"]
[Site "Chess.com"]
[Date "2020.11.03"]
[Round "10"]
[White "Neftegor"]
[Black "Nara_Kh"]
[Result "1-0"]
[WhiteElo "2444"]
[BlackElo "2346"]
[TimeControl "180+1"]
[EndTime "11:59:38 PST"]
[Termination "Neftegor won by resignation"]

1. d4 d5 2. c4 c6 3. Nc3 Nf6 4. e3 Bf5 5. cxd5 cxd5 6. Qb3 Qb6 7. Nxd5 Nxd5 8. Qxd5 Qb4+ 9. Kd1 Bd7 10. Qc4 Qb6 11.
Nf3 Nc6 12. Qb5 Qc7 13. Qb3 Rc8 14. Bd2 e6 15. Rc1 Bd6 16. Bd3 O-O 17. Ke2 Rfe8 18. h3 Qd8 19. Rhd1 e5 20. dxe5 Nxe5 21. Nxe5 Bxe5 22. Rxc8 Qxc8 23. Bc4 Be6 24. Bxe6 Rxe6 25. Rc1 Rc6 26. Rxc6 Qxc6 27. f3 Qg6 28. g4 Qa6+ 29. Kf2 h6 30. Bc3 Bd6 31. Qd5 Qb6 32. Qd4 Qxd4 33.
Bxd4 a6 34. b3 Kf8 35. f4 g6 36. Kf3 Ke7 37. Ke4 Ke6 38. f5+ gxf5+ 39. gxf5+ Kd7 40. Kd5 Bg3 41. e4 Bh2 42. e5 Bg3 43. Bc5 Bf4 44. e6+ fxe6+ 45. fxe6+ Ke8 46. Bd6 h5 47. Bxf4 1-0

[Event "*** Titled Tuesday Blitz"]
[Site "Chess.com"]
[Date "2020.11.03"]
[Round "10"]
[White "Zkid"]
[Black "ssrija97"]
[Result "1-0"]
[WhiteElo "2766"]
[BlackElo "2319"]
[TimeControl "180+1"]
[EndTime "11:59:39 PST"]
[Termination "Zkid won on time"]

1. e4 e5 2. Nf3 Nc6 3. Bc4 Nf6 4. d3 Bc5 5. O-O d6 6. c3 a6 7. a4 Ba7 8. Nbd2 Ne7 9. Re1 Ng6 10. Nf1 O-O 11. Be3 c6 12. Bxa7 Rxa7 13. d4 Qe7 14. a5 Nf4 15. Ng3 Bg4 16. h3 Bc8 17. Qd2 Qc7 18.
Rad1 Qxa5 19. dxe5 dxe5 20. Qd6 b5 21. Nxe5 bxc4 22. Nxc6 Qa4 23. Nxa7 Nd3 24. Rf1 Bb7 25. e5 Ne4 26. Nxe4 Bxe4 27. Qd4 Bg6 28. Ra1 Qb3 29.
Rxa6 Nxb2 30. Rb6 Qa3 31. Nb5 Qa2 32. Nd6 Bd3 33. Re1 h5 34. e6 fxe6 35. Rb7 1-0

[Event "*** Titled Tuesday Blitz"]
[Site "Chess.com"]
[Date "2020.11.03"]
[Round "10"]
[White "MarkoPe"]
[Black "ShcufNaiRolf"]
[Result "1-0"]
[WhiteElo "2242"]
[BlackElo "2332"]
[TimeControl "180+1"]
[EndTime "11:59:39 PST"]
[Termination "MarkoPe won on time"]

1. e4 c5 2. Nf3 Nc6 3. d4 cxd4 4.
Nxd4 Nf6 5. Nc3 e5 6. Ndb5 d6 7. Bg5 a6 8. Na3 b5 9. Nd5 Be7 10. Bxf6 Bxf6 11. c3 O-O 12. Nc2 Rb8 13. Bd3 Bg5 14. h4 Bh6 15. g4 g6 16. Qf3 Be6 17. Nf6+ Kh8 18. h5 g5 19. Ne3 Bg7 20. Nfd5 h6 21. O-O Ne7 22. Nxe7 Qxe7 23. Rfd1 Qc7 24.
Bc2 Rfd8 25. Bb3 Qc5 26. Bd5 b4 27. cxb4 Rxb4 28. Rac1 Qa7 29. Qe2 Rdb8 30. b3 Rd4 31. Rd2 Rxd2 32. Qxd2 a5 33. Rc6 Rd8 34. Qc3 Qe7 35.
Qxa5 Qf6 36. a4 Rb8 37. Qc7 1-0

[Event "*** Titled Tuesday Blitz"]
[Site "Chess.com"]
[Date "2020.11.03"]
[Round "10"]
[White "dretch"]
[Black "IwkooO"]
[Result "1-0"]
[WhiteElo "2841"]
[BlackElo "2658"]
[TimeControl "180+1"]
[EndTime "11:59:40 PST"]
[Termination "dretch won by checkmate"]

1. d4 Nf6 2. c4 e6 3. Nc3 Bb4 4. Qc2 b6 5. e4 c5 6. a3 Bxc3+ 7. bxc3 Nc6 8. Nf3 d6 9. e5 dxe5 10. dxe5 Nd7 11. Bf4 Qc7 12. Be2 Bb7 13. O-O Ndxe5 14. Nxe5 Nxe5 15. f3 O-O 16. Bd3 g6 17. Rae1 f6 18.
Be4 Bxe4 19. Rxe4 Rad8 20. Rfe1 Qd6 21. Bxe5 fxe5 22. Rxe5 Qd3 23. Qb3 Qd2 24. R5e2 Qg5 25. Rf2 Rd3 26. Kh1 Rfd8 27. Rfe2 Rd2 28. Qb1 Rxe2 29. Rxe2 Qf6 30. Qe1 Rd3 31. Rxe6 Qxc3 32. Re8+ Kg7 33. Qe7+ Kh6 34. Qh4+ Kg7 35. h3 Rd7 36. Qf4 Qa1+ 37. Kh2 Qd4 38. Qf8# 1-0

[Event "*** Titled Tuesday Blitz"]
[Site "Chess.com"]
[Date "2020.11.03"]
[Round "10"]
[White "arminmusovic"]
[Black "Oligan22"]
[Result "0-1"]
[WhiteElo "2542"]
[BlackElo "2417"]
[TimeControl "180+1"]
[EndTime "11:59:40 PST"]
[Termination "Oligan22 won by checkmate"]

1. a3 d5 2. Nc3 e5 3. d4 exd4 4. Qxd4 Nf6 5. e4 Nc6 6. Bb5 Bd7 7. Bxc6 Bxc6 8. e5 Nd7 9. Nxd5 Bc5 10. Qd1 Nxe5 11. c4 Nxc4 12. Qe2+ Kf8 13. Qxc4 Qxd5 14.
Qxd5 Bxd5 15. Nf3 Re8+ 16. Be3 Bxe3 17. fxe3 Rxe3+ 18. Kd2 Re7 19. Rhf1 f6 20. Rf2 Kf7 21. Ng5+ Kg6 22. Nh3 Rd8 23. Kc3 Re3+ 24. Kd4 Re4+ 25. Kc3 Rc4+ 26. Kd3 Be6+ 27. Ke3 Bxh3 28. gxh3 Rh4 29.
Rg1+ Kf7 30. Rg3 Rd5 31. Rfg2 g6 32. Rf3 f5 33. Rf4 Rxf4 34. Kxf4 Rd3 35. Rg3 Rxg3 36. hxg3 Ke6 37. g4 fxg4 38. Kxg4 h6 39. Kf4 Kd5 40. b3 c5 41. Kg4 b5 42. Kf3 Kd4 43. h4 Kc3 44.
Ke4 Kxb3 45. Ke5 c4 46. Kf6 c3 47. Kxg6 c2 48. Kxh6 c1=Q+ 49. Kg6 Kxa3 50. h5 Qc2+ 51. Kg7 b4 52. h6 b3 53. Kg8 b2 54. h7 Qc8+ 55.
Kg7 b1=Q 56. Kh6 Qh1+ 57. Kg5 Qd8+ 58. Kg6 Qg2+ 59. Kh5 Qe8+ 60. Kh6 Qf8+ 61. Kh5 Qf7+ 62. Kh4 Qxh7# 0-1

[Event "*** Titled Tuesday Blitz"]
[Site "Chess.com"]
[Date "2020.11.03"]
[Round "10"]
[White "PavlovDanila"]
[Black "GameOverBro"]
[Result "1-0"]
[WhiteElo "2673"]
[BlackElo "2524"]
[TimeControl "180+1"]
[EndTime "11:59:41 PST"]
[Termination "PavlovDanila won by resignation"]

1. e4 d6 2. d4 Nf6 3. Nc3 e5 4. Nf3 Nbd7 5. Rg1 h5 6. Bg5 c6 7.
Qd2 a5 8. O-O-O a4 9. a3 Qa5 10. Kb1 Be7 11. h3 b5 12. Bxf6 Bxf6 13. d5 cxd5 14. Nxd5 Qxd2 15. Rxd2 O-O 16. Nc7 Bb7 17. Nxa8 Rxa8 18. Rxd6 Nc5 19. Bxb5 Nxe4 20. Rd7 Bc8 21. Rc7 Nxf2 22. Nd2 e4 23. Bc6 Rb8 24. Nxe4 Nxe4 25. Bxe4 Rxb2+ 26. Kc1 Be6 27. Rf1 Ra2 28. Rf3 Bb2+ 29. Kd1 Bxa3 30. Rd3 g5 31. Bd5 Ra1+ 32. Ke2 Bd6 33. Ra7 Bxd5 34. Rxd5 Bf4 35. g3 Bc1 36. Rd8+ Kg7 37. Rdd7 a3 38. Rxf7+ Kg6 39. Rf1 a2 40. g4 hxg4 41. hxg4 Bb2 42. Rxa1 Bxa1 43. Rxa2 1-0

[Event "*** Titled Tuesday Blitz"]
[Site "Chess.com"]
[Date "2020.11.03"]
[Round "10"]
[White "AquivaRubinstein"]
[Black "GMG"]
[Result "0-1"]
[WhiteElo "2542"]
[BlackElo "2713"]
[TimeControl "180+1"]
[EndTime "11:59:42 PST"]
[Termination "GMG won on time"]

1. e4 c5 2. Nf3 d6 3. d4 cxd4 4.
Nxd4 Nf6 5. Nc3 a6 6. Bg5 Nbd7 7. Qe2 h6 8. Bh4 g6 9. O-O-O e5 10. Nb3 Qc7 11. f3 Be7 12. Bf2 b5 13. Kb1 h5 14.
h4 Bb7 15. a3 Rc8 16. g4 Nb6 17. Na5 Ba8 18. g5 Nfd7 19. Bh3 Na4 20. Nxa4 Qxa5 21. Nc3 Rb8 22. Bxd7+ Kxd7 23. Bc5 Rhc8 24. Qe3 Qc7 25. Ba7 Rb7 26. Nd5 Qxc2+ 27. Ka1 Bd8 28. Rc1 Qa4 29. Rxc8 Kxc8 30. Rc1+ Kd7 31. Bb6 b4 32.
Bxd8 Kxd8 33. Nxb4 Rxb4 34. Qa7 Bc6 0-1

[Event "*** Titled Tuesday Blitz"]
[Site "Chess.com"]
[Date "2020.11.03"]
[Round "10"]
[White "MPGM"]
[Black "Ranindu2003"]
[Result "1-0"]
[WhiteElo "2467"]
[BlackElo "2559"]
[TimeControl "180+1"]
[EndTime "11:59:43 PST"]
[Termination "MPGM won by resignation"]

1. d4 Nf6 2. c4 e6 3. Nc3 Bb4 4. e3 O-O 5. Bd3 d5 6. cxd5 exd5 7. Ne2 Re8 8. O-O c6 9. f3 h6 10. Kh1 c5 11. a3 Bxc3 12. bxc3 Nc6 13. g4 Qd6 14.
Ra2 c4 15. Bb1 b5 16. Ng3 a5 17. Rg2 b4 18. Nf5 Qd8 19. e4 dxe4 20. fxe4 Nxe4 21. Qf3 Nf6 22. Qxc6 Rb8 23. Nd6 Rb6 24. Qxc8 Qxd6 25. Qf5 bxa3 26. g5 hxg5 27. Bxg5 Kf8 28. Ba2 Rc6 29. Bf4 Qd5 30. Be5 a4 31. Kg1 Rce6 32.
Qg5 Ke7 33. Qxg7 Qxg2+ 34. Qxg2 Rg8 35. Bxf6+ Kd7 36. Qxg8 1-0

[Event "*** Titled Tuesday Blitz"]
[Site "Chess.com"]
[Date "2020.11.03"]
[Round "10"]
[White "Anton_Demchenko"]
[Black "LiemLe"]
[Result "0-1"]
[WhiteElo "2843"]
[BlackElo "3002"]
[TimeControl "180+1"]
[EndTime "11:59:44 PST"]
[Termination "LiemLe won by resignation"]

1. d4 Nf6 2. Nf3 d5 3. Bf4 c5 4. e3 Qb6 5. dxc5 Qxb2 6. Nbd2 Nc6 7. Rb1 Qc3 8. Bb5 g6 9. e4 Bg7 10. O-O Nxe4 11. Nxe4 dxe4 12. Ng5 Qxc5 13. Nxe4 Qf5 14.
Bxc6+ bxc6 15. Nd6+ exd6 16. Qxd6 Qd5 17. Rfe1+ Be6 18.
Rb8+ Rxb8 19. Qxb8+ Qd8 20. Qb4 a5 21. Qa3 Bf6 22. Bh6 Qb6 23. h3 Kd7 24. Rd1+ Kc8 25. Bf8 Bd4 26. c3 Bxf2+ 27. Kh1 Qc7 28. Bd6 Qa7 29.
Bf8 h5 30. Qd6 Qc7 31. Qa3 h4 32. Bd6 Qa7 33. Bf8 Bg3 34. Rb1 Qc7 35. Rd1 Rh5 36.
Rb1 Rb5 37. Rd1 Bf5 38. c4 Rb1 39. Bc5 Rxd1+ 0-1

[Event "*** Titled Tuesday Blitz"]
[Site "Chess.com"]
[Date "2020.11.03"]
[Round "10"]
[White "InitiatingASC"]
[Black "Sueetin"]
[Result "0-1"]
[WhiteElo "2386"]
[BlackElo "2330"]
[TimeControl "180+1"]
[EndTime "11:59:44 PST"]
[Termination "Sueetin won by resignation"]

1. d4 Nf6 2. c4 e6 3. Nc3 Bb4 4. e3 b6 5. Bd3 Bb7 6. Ne2 O-O 7. O-O Re8 8. f3 d5 9. Bd2 Bf8 10. Be1 dxc4 11. Bxc4 c5 12. Bf2 Nc6 13. dxc5 Bxc5 14.
Qxd8 Rexd8 15. Rfd1 Ne5 16. Bb5 a6 17. Ba4 b5 18. Bb3 Nd3 19. Rxd3 Rxd3 20. Rc1 Bb6 21. e4 Bxf2+ 22. Kxf2 Rc8 23. Rd1 Rxd1 24. Nxd1 Nd7 25.
Ne3 Nc5 26. Bc2 a5 27. Ke1 b4 28. Kd2 Rd8+ 29. Kc1 Ba6 30. Nf4 Kf8 31. Nh3 Bd3 32.
Nf2 Ba6 33. h3 Ke7 34. Bd1 h5 35. Bc2 g5 36. Bd1 Kf6 37. Bc2 Ke5 38. g3 Be2 39.
Bd1 Bxd1 40. Nfxd1 Nd3+ 41. Kb1 Kd4 42. b3 Ne1 43. Nc4 Ra8 44. f4 gxf4 45. gxf4 Kxe4 46. Nd6+ Kxf4 47. Nxf7 e5 48. Kc1 Nf3 49. Kc2 Rc8+ 50. Kd3 Rf8 51. Nh6 Kg5 0-1

[Event "*** Titled Tuesday Blitz"]
[Site "Chess.com"]
[Date "2020.11.03"]
[Round "10"]
[White "gumimis"]
[Black "canary2016"]
[Result "1-0"]
[WhiteElo "2247"]
[BlackElo "1975"]
[TimeControl "180+1"]
[EndTime "11:59:45 PST"]
[Termination "gumimis won by checkmate"]

1. e4 c5 2. Nf3 d6 3. d4 cxd4 4. Nxd4 Nf6 5. Nc3 a6 6. Bg5 e6 7. f4 h6 8. Bh4 Qb6 9. a3 Nc6 10. Bf2 Qc7 11. Qf3 Be7 12. O-O-O b5 13. e5 Nd5 14. Nxd5 exd5 15. Qxd5 Nxd4 16. Qxd4 dxe5 17. fxe5 O-O 18. Bd3 Bb7 19. Kb1 Rfd8 20. Qf4 Bg5 21.
Qg3 Rac8 22. h4 Be7 23. Be3 Kh8 24. Rhf1 Bf8 25. Qf2 Rd7 26. g4 Re7 27. Bf4 Qc6 28. g5 Qg2 29. Qe3 Rec7 30. gxh6 Bc5 31. hxg7+ Qxg7 32. Qe2 Bb6 33. Qh5+ Kg8 34. Bh6 Qg2 35. Rd2 Qg3 36. Qf5 Bf3 37. Qh7# 1-0

[Event "*** Titled Tuesday Blitz"]
[Site "Chess.com"]
[Date "2020.11.03"]
[Round "10"]
[White "NikolaGry"]
[Black "Brave_spirit12"]
[Result "1-0"]
[WhiteElo "2632"]
[BlackElo "2495"]
[TimeControl "180+1"]
[EndTime "11:59:46 PST"]
[Termination "NikolaGry won by resignation"]

1. b3 Nf6 2. Bb2 e6 3. c4 d5 4. Nf3 Be7 5. e3 O-O 6. g4 c5 7. g5 Ne4 8. h4 Nc6 9. d3 Qa5+ 10. Ke2 Nd6 11. Nbd2 d4 12. Bh3 e5 13. Bxc8 Raxc8 14. e4 f6 15. gxf6 Rxf6 16. Qg1 Rcf8 17. Qg3 Nd8 18.
Qxe5 Ne6 19. Kd1 Kh8 20. Kc2 Bd8 21. Rhg1 Bc7 22. Qh5 g6 23. Qg4 h5 24. Qg2 Nf4 25. Qf1 b5 26. e5 bxc4 27. dxc4 Re6 28. exd6 Bxd6 29. Rg5 Re2 30. Qd1 Rfe8 31. Nxd4 Qa6 32. Nxe2+ Kh7 33. Nxf4 Bxf4 34. Nf3 Qc6 35. Qd3 Re2+ 36.
Qxe2 Be3 37. Qxe3 Qe4+ 1-0

[Event "*** Titled Tuesday Blitz"]
[Site "Chess.com"]
[Date "2020.11.03"]
[Round "10"]
[White "IceBelka"]
[Black "Semetey"]
[Result "1-0"]
[WhiteElo "2276"]
[BlackElo "2560"]
[TimeControl "180+1"]
[EndTime "11:59:47 PST"]
[Termination "IceBelka won on time"]

1. e4 Nf6 2. e5 Nd5 3. d4 d6 4. c4 Nb6 5. exd6 exd6 6. Nc3 Be7 7. Bd3 Nc6 8. Be3 Bf6 9. Nge2 O-O 10. O-O Re8 11. b3 Bg4 12. Qd2 a5 13. f3 Bh5 14. Ng3 Rxe3 15. Nxh5 Bxd4 16. Kh1 Qg5 17. Ng3 Bxc3 18. Qxc3 Nb4 19. f4 Rxd3 20. Qxd3 Nxd3 21. fxg5 a4 22. Rad1 Nb4 23. Rde1 Nxa2 24. bxa4 Nxc4 25. Re7 Ne5 26. Rxc7 h6 27. gxh6 gxh6 28.
Nf5 Rxa4 29. Nxh6+ Kg7 30. Nxf7 Nxf7 31. Rfxf7+ Kg6 32. Rxb7 Nc3 33. h3 Ne4 34. Kh2 Ra2 35. Rf4 d5 36. Rd7 Nc3 37. Rd6+ Kg5 38. Rf3 Rc2 39. h4+ Kxh4 40. Rg6 Kh5 41. Rg8 1-0

[Event "*** Titled Tuesday Blitz"]
[Site "Chess.com"]
[Date "2020.11.03"]
[Round "10"]
[White "Kotofeyca"]
[Black "ShahMatKanal"]
[Result "0-1"]
[WhiteElo "2364"]
[BlackElo "2488"]
[TimeControl "180+1"]
[EndTime "11:59:47 PST"]
[Termination "ShahMatKanal won by checkmate"]

1. d4 e6 2. c4 c5 3. Nf3 cxd4 4. Nxd4 Nf6 5. Nc3 d6 6. g3 Be7 7. Bg2 O-O 8. O-O a6 9. b3 Qc7 10. Bb2 Nc6 11. Rc1 Ne5 12. h3 Re8 13. Kh2 Rb8 14. f4 Ng6 15. e4 h5 16. f5 Ne5 17.
fxe6 fxe6 18. Nf3 Ng6 19. Ng5 h4 20. Ne2 Nh5 21. Nf3 hxg3+ 22. Nxg3 Nhf4 23. e5 dxe5 24. Ne4 Nxg2 25. Kxg2 Rf8 26. Nfg5 Bxg5 27. Nxg5 Qc6+ 28. Kh2 Nf4 29. Qg4 Rf5 30. Rg1 Ng6 31. Ne4 b6 32. Qxg6 Rb7 33. Rce1 Rbf7 34. Rg4 Bb7 35. Rh4 Rf2+ 36.
Nxf2 Rxf2+ 37. Kg1 Rg2+ 38. Kf1 Qf3# 0-1

[Event "*** Titled Tuesday Blitz"]
[Site "Chess.com"]
[Date "2020.11.03"]
[Round "10"]
[White "ChristopherYoo"]
[Black "ftorodent"]
[Result "0-1"]
[WhiteElo "2830"]
[BlackElo "2684"]
[TimeControl "180+1"]
[EndTime "11:59:48 PST"]
[Termination "ftorodent won on time"]

1. e4 e6 2. b3 d5 3. Bb2 dxe4 4. Nc3 Nf6 5. Qe2 Be7 6. O-O-O Nc6 7. g4 Nd4 8. Qe1 Nxg4 9. Nxe4 Nf6 10. Bg2 c5 11. Ne2 e5 12. Nxf6+ Bxf6 13. Nxd4 cxd4 14. f4 O-O 15. fxe5 Re8 16. Qf2 Bxe5 17. Rde1 Qc7 18. Rhg1 d3 19. c4 Bxb2+ 20. Kxb2 Rxe1 21. Rxe1 Be6 22. Be4 Rd8 23. Re3 b5 24. Rxd3 Qe5+ 25. Kc1 Qa1+ 26. Kc2 Qxa2+ 27. Kc3 b4+ 28. Kxb4 Rb8+ 29.
Kc5 Qa5+ 30. Kd4 Rd8+ 31. Ke3 Qb6+ 32. Ke2 Qxf2+ 33. Kxf2 Rxd3 34. Bxd3 a5 35. Ke3 Kf8 36. Kd4 Ke7 37. Bxh7 g6 38. Ke5 f6+ 39. Kd4 Kf7 0-1

[Event "*** Titled Tuesday Blitz"]
[Site "Chess.com"]
[Date "2020.11.03"]
[Round "10"]
[White "rugbyclub"]
[Black "alexsergeyev"]
[Result "1-0"]
[WhiteElo "2220"]
[BlackElo "2312"]
[TimeControl "180+1"]
[EndTime "11:59:49 PST"]
[Termination "rugbyclub won on time"]

1. d4 d5 2. Bf4 c5 3. e3 Nc6 4. dxc5 e5 5. Bg3 Bxc5 6. Nf3 e4 7. Ne5 Nf6 8. Bb5 Qb6 9. Nc3 Be6 10. O-O O-O 11. Bxc6 bxc6 12. Na4 Qb5 13. Nxc5 Qxc5 14. c3 a5 15. Qd4 Qb5 16. a4 Qa6 17. b4 Rfc8 18. Rfb1 Qa7 19. Qd2 c5 20. b5 Qb6 21.
h3 h6 22. Rd1 Ne8 23. Rac1 Nd6 24. Nc6 Nc4 25. Ne7+ Kf8 26. Nxc8 Rxc8 27. Qe2 Qd8 28. Ra1 Qf6 29. Qc2 Qg6 30. Rdb1 Nb6 31. c4 Nxc4 32. b6 Nxe3 33. fxe3 Qxg3 34. b7 Qxe3+ 35. Kh1 Rb8 36. Rb5 d4 37. Rab1 d3 38. Qxc5+ 1-0

[Event "*** Titled Tuesday Blitz"]
[Site "Chess.com"]
[Date "2020.11.03"]
[Round "10"]
[White "FairChess_on_YouTube"]
[Black "Sibelephant"]
[Result "1/2-1/2"]
[WhiteElo "2995"]
[BlackElo "3086"]
[TimeControl "180+1"]
[EndTime "11:59:50 PST"]
[Termination "Game drawn by repetition"]

1. d4 Nf6 2. c4 g6 3. Nc3 d5 4. cxd5 Nxd5 5. e4 Nxc3 6. bxc3 Bg7 7. Nf3 c5 8. Be2 O-O 9. O-O b6 10. Bg5 Bb7 11. Qd3 Ba6 12. Qe3 Bxe2 13. Qxe2 cxd4 14. cxd4 Nc6 15. Rad1 Qd7 16. d5 Ne5 17. Nxe5 Bxe5 18.
f4 Bg7 19. e5 f6 20. Bh4 fxe5 21. fxe5 Rxf1+ 22. Kxf1 Qf5+ 23. Kg1 Qxe5 24. Qxe5 Bxe5 25. Bxe7 Kf7 26. d6 Ke8 27. Rf1 Rc8 28. Rf8+ Kd7 29. Rf7 Bxd6 30. Bxd6+ Kxd6 31. Rxa7 Rc7 32. Ra8 Rc2 33.
h4 Ke6 34. Kh2 Kf6 35. Kh3 h5 36. Ra6 Rb2 37. a4 Kf5 38. a5 bxa5 39. Rxa5+ Kf6 40.
Ra6+ Kf5 41. Ra5+ Kf6 42. Ra6+ Kf5 43. Ra5+ 1/2-1/2

[Event "*** Titled Tuesday Blitz"]
[Site "Chess.com"]
[Date "2020.11.03"]
[Round "10"]
[White "Borsuk_Konstantin"]
[Black "machupichu10"]
[Result "1-0"]
[WhiteElo "2627"]
[BlackElo "2762"]
[TimeControl "180+1"]
[EndTime "11:59:51 PST"]
[Termination "Borsuk_Konstantin won on time"]

1. d4 Nf6 2. c4 e6 3. Nc3 c5 4. d5 exd5 5. cxd5 d6 6. Nf3 g6 7. g3 Bg7 8. Bg2 O-O 9. O-O Re8 10. Nd2 Nbd7 11. a4 Qe7 12. Re1 Ne5 13. h3 g5 14. Nf1 h6 15. e4 c4 16. Ne3 Bd7 17. Re2 Rac8 18. Nf5 Bxf5 19. exf5 Qd7 20. Be3 Qxf5 21.
Bxa7 Nd3 22. Nb5 Qd7 23. Rxe8+ Rxe8 24. Qc2 Ne4 25. Qxc4 Nxb2 26. Qc2 Nc5 27. Bxc5 dxc5 28. Rb1 Qe7 29. d6 Qe2 30. Qxe2 Rxe2 31. Bxb7 Nxa4 32. Rd1 Bf6 33. d7 Bd8 34. Nd6 Nc3 35. Rd3 Re1+ 36. Kg2 Ne2 37. Bc8 c4 38. Nxc4 Rg1+ 39. Kf3 Nc1 40.
Re3 Kg7 41. Re8 1-0

[Event "*** Titled Tuesday Blitz"]
[Site "Chess.com"]
[Date "2020.11.03"]
[Round "10"]
[White "Promacherr"]
[Black "Mr_Sinigami"]
[Result "1-0"]
[WhiteElo "2708"]
[BlackElo "2516"]
[TimeControl "180+1"]
[EndTime "11:59:51 PST"]
[Termination "Promacherr won on time"]

1. d4 Nf6 2. Nf3 g6 3. Bg5 Bg7 4. Nbd2 d5 5. e3 O-O 6. Be2 b6 7. O-O Bb7 8. a4 a6 9. Ne5 Ne8 10. Bh4 Nd6 11. Nd3 Nf5 12. Bg3 Nxg3 13. hxg3 Nd7 14.
f4 c5 15. c3 Qc7 16. g4 e6 17. g5 h6 18. gxh6 Bxh6 19. Qe1 Bg7 20. Nf3 Nf6 21. Ng5 Ne4 22. Nxe4 dxe4 23. Ne5 cxd4 24. exd4 Bf6 25. Ng4 Be7 26. Qg3 Kg7 27. Ne5 Rh8 28. f5 Bh4 29.
f6+ Kg8 30. Qg4 Rh6 31. g3 e3 32. gxh4 Rd8 33. Qf4 Kh7 34. Bf3 g5 35. hxg5 Rh3 36.
Be4+ Kg8 37. Rf3 Rh8 38. Qxe3 Bxe4 39. Qxe4 Qd6 40. g6 fxg6 41. Qxg6+ 1-0

[Event "*** Titled Tuesday Blitz"]
[Site "Chess.com"]
[Date "2020.11.03"]
[Round "10"]
[White "fcliverpul"]
[Black "Gloomy_Wanderer"]
[Result "1-0"]
[WhiteElo "2432"]
[BlackElo "2690"]
[TimeControl "180+1"]
[EndTime "11:59:51 PST"]
[Termination "fcliverpul won on time"]

1. e4 c5 2. Nf3 a6 3. Be2 b5 4. O-O Bb7 5. d3 g6 6. c3 Bg7 7.
a4 b4 8. cxb4 cxb4 9. a5 Nc6 10.
Qa4 Nf6 11. Nbd2 d5 12. e5 Nd7 13. d4 f6 14. exf6 Bxf6 15. Nb3 O-O 16. Re1 e5 17. Bh6 e4 18. Bxf8 exf3 19. Bxf3 Kxf8 20. Bxd5 Nb6 21. axb6 Qxd5 22. Nc5 Rb8 23. Nxb7 Rxb7 24. Rac1 Rxb6 25.
Rc5 Qd6 26. Rec1 Nxd4 27. Rc8+ Kg7 28. Qe8 Nf5 29. R8c7+ Kh6 30. Qf7 Ng7 31. g3 Qe6 32. Qf8 Qf5 33. Rf7 Re6 34. h4 Kh5 35. Rf1 Kg4 36. Qc8 1-0

[Event "*** Titled Tuesday Blitz"]
[Site "Chess.com"]
[Date "2020.11.03"]
[Round "10"]
[White "cukin84"]
[Black "VladimirBugayev"]
[Result "1-0"]
[WhiteElo "2089"]
[BlackElo "2275"]
[TimeControl "180+1"]
[EndTime "11:59:52 PST"]
[Termination "cukin84 won on time"]

1. e4 c6 2. d4 d5 3. Nd2 dxe4 4. Nxe4 Nf6 5. Ng5 Bf5 6. Bc4 e6 7. Ne2 h6 8. Nf3 b5 9. Bb3 a5 10. a4 b4 11. c3 Be7 12. O-O O-O 13. Ne5 Nfd7 14. f4 Nxe5 15. fxe5 c5 16. Ng3 Bg6 17.
d5 exd5 18. Bxd5 Ra6 19. c4 Nc6 20. Bf4 Nd4 21. Be3 Nc2 22. Qd2 Nxa1 23. Rxa1 Bg5 24. Qf2 Bxe3 25. Qxe3 Qe7 26. Rf1 Kh7 27. Qf4 Ra7 28.
h4 h5 29. Be4 Re8 30. Nxh5 Qxe5 31. Bxg6+ fxg6 32. Qxe5 Rxe5 33. Nf4 Rf7 34. g3 g5 35. hxg5 Re3 36. Kg2 Kg8 37. g6 Rf6 38. Rd1 Kf8 39. Rd8+ Ke7 40. Ra8 Rb3 41. Nd5+ Ke6 42. Ra6+ Kf5 43.
Nxf6 Rxb2+ 44. Kh3 Kxg6 45. Ne4+ Kh7 46. Nxc5 Rc2 47.
Rxa5 Rxc4 48. Ne6 b3 49. Rb5 Rxa4 50. Rxb3 Ra6 51. Ng5+ Kg6 52. Rb5 Ra4 53. Nf3 Ra6 54. g4 1-0